 Dungeon Crawl Stone Soup version 0.19.5 (webtiles) character file.

168 JeffiDaFish the Sneak (level 5, -7/25 HPs)
             Began as a Spriggan Conjurer on Nov 8, 2017.
             Splashed by a gnoll's acid (12 damage)
             ... on level 3 of the Dungeon.
             The game lasted 00:12:56 (3468 turns).

JeffiDaFish the Sneak (Spriggan Conjurer)           Turns: 3468, Time: 00:12:58

Health: -7/25      AC:  3    Str:  2 (4)  XL:     5   Next: 23%
Magic:  5/11       EV: 18    Int: 14 (16) God:
Gold:   127        SH:  0    Dex: 15 (18) Spells: 4 memorised, 1 level left

rFire  + . .     SeeInvis +     g - +2 short sword
rCold  . . .     Gourm    .     a - +1 robe
rNeg   . . .     Faith    .     (shield restricted)
rPois  .         Spirit   .     (helmet restricted)
rElec  .         Reflect  .     (no cloak)
rCorr  .         Harm     .     (gloves unavailable)
MR     .....                    (boots unavailable)
Stlth  +++.......               e - amulet of regeneration
                                (no ring)
                                h - ring of protection from fire

@: very slightly contaminated, very quick
A: unfitting armour, see invisible, herbivore 3, speed 3, slow metabolism 2
a: no special abilities


You were on level 3 of the Dungeon.
You were very hungry.

You visited 1 branch of the dungeon, and saw 3 of its levels.

You collected 127 gold pieces.

Inventory:

Hand Weapons
 g - a +2 short sword (weapon)
 i - a +2 dagger of protection
Armour
 a - a +1 robe (worn)
Jewellery
 e - an amulet of regeneration (around neck)
 h - a ring of protection from fire (left hand)
Scrolls
 j - 2 scrolls of identify
 k - 2 scrolls of blinking
Potions
 l - a potion of heal wounds
Books
 b - a book of Conjurations

   Spells                             Type                      Level
   a - Magic Dart                     Conjuration                  1
   b - Searing Ray                    Conjuration                  2
   c - Dazzling Spray                 Conjuration/Hexes            3
   d - Fulminant Prism                Conjuration/Hexes            4
   e - Iskenderun's Mystic Blast      Conjuration                  4
   f - Iskenderun's Battlesphere      Conjuration/Charms           5
Comestibles
 c - 4 bread rations
 d - a royal jelly
 f - a slice of pizza
 m - 5 fruits


   Skills:
 + Level 0.5 Fighting
 + Level 1.0 Short Blades
 + Level 3.5 Dodging
 + Level 4.7 Stealth
 + Level 3.7 Spellcasting
 + Level 3.9 Conjurations


You had one spell level left.
You knew the following spells:

 Your Spells              Type           Power        Failure   Level  Hunger
a - Magic Dart            Conj           ##..         4%          1    None
b - Searing Ray           Conj           ##....       10%         2    ##.....
c - Dazzling Spray        Conj/Hex       #.....       30%         3    ###....
d - Iskenderun's Mystic   Conj           ##......     45%         4    ####...


Dungeon Overview and Level Annotations

Branches:
Dungeon (3/15)

Altars:
Nemelex Xobeh
Xom


Innate Abilities, Weirdness & Mutations

You are very small and have problems with some larger weapons.
You are too small for most types of armour.
You have supernaturally acute eyesight. (SInv)
You are a herbivore.
You cover ground extremely quickly.
You need consume almost no food.


Message History

You miscast Dazzling Spray.
You are very lightly contaminated with residual magic.
You feel a bit tired.
The gnoll shouts!
Casting: Dazzling Spray
Confirm with . or Enter, or press ? or * to list all spells.
Aiming: Dazzling Spray
Press: ? - help, Shift-Dir - straight line, f/p - gnoll
Aim: a gnoll, wielding a whip and carrying a wand of acid {zapped: 2} (heavily wounded)
The spray of energy hits the gnoll.
The gnoll is severely wounded.
The gnoll is dazzled.
The gnoll closely misses you.
You hit the gnoll but do no damage.
The gnoll is severely wounded.
The gnoll zaps a wand.
The bolt of acid hits you!
Ouch! That really hurt!
* * * LOW HITPOINT WARNING * * *
You are splashed with acid!
The acid burns!
You die...

#.#####.##.#####.....(..
#>..# #.##.# ###..#.##
###.# #..#.# #.#..#
#.####...# #.#.##
#...##..## ####...#
###.##.######....### #
#.##........##.# #
#....#########.#####
#..@.# #....(..
##.##g########..###..
##..##...........##..#
.w.......#####...##รท##
....###...# #.###..#
#..## #..#.# ##.###.##
### #.##.####..##..#
#.##.##...##>.##
####.##.........##


You could see a worm and a gnoll (blind).

Vanquished Creatures
  5 gnolls
  7 adders
  A worm (D:2)
  3 dart slugs
  3 leopard geckos
  An orc (D:3)
  A giant cockroach (D:1)
  5 hobgoblins
  4 kobolds
  A quokka (D:3)
  A ball python (D:1)
  2 bats (D:3)
  3 frilled lizards
  9 goblins
  5 rats
51 creatures vanquished.

Notes
Turn   | Place    | Note
-------+----------+-------------------------------------------
     0 | D:1      | JeffiDaFish the Spriggan Conjurer began the quest for the Orb.
     0 | D:1      | Reached XP level 1. HP: 9/9 MP: 5/5
   444 | D:1      | Reached XP level 2. HP: 13/13 MP: 2/6
   745 | D:1      | Learned a level 2 spell: Searing Ray
  1408 | D:2      | Found a shimmering altar of Xom.
  1410 | D:2      | Found a shimmering altar of Xom.
  1411 | D:2      | Found a shimmering altar of Xom.
  1412 | D:2      | Found a shimmering altar of Xom.
  1412 | D:2      | Found a shimmering altar of Xom.
  1413 | D:2      | Found a shimmering altar of Xom.
  1413 | D:2      | Found a shimmering altar of Xom.
  1565 | D:2      | Reached XP level 3. HP: 9/16 MP: 5/8
  1665 | D:2      | Learned a level 3 spell: Dazzling Spray
  1992 | D:2      | Reached XP level 4. HP: 21/21 MP: 9/9
  2404 | D:2      | Reached skill level 4 in Stealth
  2830 | D:3      | Reached skill level 1 in Short Blades
  2830 | D:3      | Reached XP level 5. HP: 25/25 MP: 7/11
  2992 | D:3      | Learned a level 4 spell: Iskenderun's Mystic Blast
  3013 | D:3      | Found a faded altar of an unknown god.
  3041 | D:3      | HP: 1/25 [acid (10)]
  3170 | D:3      | Found a sparkling altar of Nemelex Xobeh.
  3468 | D:3      | Splashed by a gnoll's acid

Skill      XL: |  1  2  3  4 |
---------------+-------------+-----
Conjurations   | 3 |  3.9
Spellcasting   | 3 |  3.7
Stealth        | 4 |  4.7
Short Blades   | 1 |  1.0
Fighting       | |  0.5
Dodging        | |  3.5

Action                   |  1- 3 |  4- 6 || total
-------------------------+-------+-------++-------
Melee: Unarmed           |     9 |       ||     9
       Short sword       |    28 |    36 ||    64
 Cast: Magic Dart        |    44 |    26 ||    70
       Searing Ray       |     9 |     6 ||    15
       Dazzling Spray    |       |     2 ||     2
  Use: Scroll            |    11 |       ||    11
       Potion            |     4 |     3 ||     7
 Stab: Distracted        |     1 |       ||     1
       Sleeping          |     2 |     4 ||     6
       Invisible         |       |     1 ||     1
Armor: Robe              |     2 |     3 ||     5
Dodge: Dodged            |    42 |    30 ||    72
